Map: Emerald City LE

Players

KopteW

  • Race: Zerg Zerg
  • League: Diamond
  • Spawn Location: 5:00

EBORYAN

  • Race: Protoss Protoss
  • League: Platinum
  • Spawn Location: 5:00

Massa

  • Race: Terran Terran
  • League: Gold
  • Spawn Location: 11:00

qqq

  • Race: Zerg Zerg
  • League: Platinum
  • Spawn Location: 11:00

VOD

Have the link to the VOD?

Description

Time

  • Played on: June 9, 2020, 11:36 a.m.
  • Length: 15:24
Show
View Real Time Build Order
Export as new Build Order

KopteW Zerg 

Build Orders: Pool First 

Get SALT Encoding   

  12  0:03  Drone  
  13  0:13  Overlord  
  13  0:19  Drone  
  14  0:32  Drone x2  
  16  0:36  Drone  
  17  0:49  Drone, Spawning Pool  
  17  0:54  Extractor  
  16  0:57  Drone  
  17  1:24  Drone  
  18  1:29  Hatchery  
  18  1:32  Drone  
  18  1:35  Drone  
  18  1:36  Queen  
  21  1:44  Overlord  
  21  1:52  Drone  
  22  2:00  Roach Warren  
  21  2:18  Drone x2  
  21  2:19  Extractor  
  22  2:27  Overlord  
  22  2:41  Roach  
  22  2:42  Roach  
  22  2:44  Roach  
  28  2:47  Drone  
  28  2:51  Queen  
  29  2:53  Drone  
  32  3:00  Drone  
  32  3:03  Drone  
  34  3:12  Drone x3  
  37  3:18  Ravager x2  
  37  3:19  Ravager  
  40  3:24  Lair  
  40  3:26  Drone x2  
  42  3:46  Drone x2  
  44  3:49  Overlord x2  
  44  4:11  Roach x4  
  44  4:12  Roach x2  
  56  4:20  Spine Crawler  
  56  4:21  Roach  
  56  4:23  Glial Reconstitution  
  57  4:24  Roach  
  57  4:25  Overlord  
  53  4:52  Roach x3  
  58  4:53  Drone x3  
  58  4:58  Overlord  
  61  5:12  Ravager  
  61  5:13  Ravager  
  63  5:14  Drone x2  
  63  5:17  Extractor  
  66  5:21  Roach x3  
  66  5:28  Hatchery  
  69  5:31  Overlord  
  69  5:32  Drone x2  
  69  5:33  Drone x2  
  73  5:46  Drone  
  73  5:47  Drone  
  75  5:57  Overlord  
  75  5:58  Roach x2  
  79  6:12  Spire  
  79  6:14  Drone x3  
  79  6:16  Extractor  
  80  6:28  Roach  
  80  6:29  Overlord, Roach x5  
  92  6:58  Overlord x2, Roach x2  
  96  7:08  Drone x2  
  96  7:09  Queen  
  100  7:19  Drone  
  100  7:20  Drone  
  102  7:24  Mutalisk  
  102  7:25  Mutalisk x4  
  112  7:33  Drone x2  
  112  7:35  Overlord x2  
  114  7:44  Drone, Evolution Chamber  
  114  7:48  Evolution Chamber  
  114  7:51  Mutalisk x3  
  119  7:59  Drone  
  119  8:04  Drone x6, Extractor  
  125  8:07  Mutalisk  
  125  8:10  Zerg Missile Weapons Level 1  
  127  8:17  Drone  
  128  8:28  Mutalisk  
  128  8:29  Overlord x2  
  128  8:33  Roach x3  
  128  8:34  Roach  
  138  8:41  Overlord x2  
  138  8:42  Overlord  
  138  9:07  Mutalisk x2  
  138  9:08  Roach x4  
  150  9:18  Mutalisk x2  
  154  9:41  Mutalisk x2  
  154  9:42  Overlord x2  
  154  9:44  Roach x5  
  168  9:54  Mutalisk  
  164  10:07  Mutalisk  
  164  10:16  Roach x3  
  168  10:32  Ravager x3  
  168  10:35  Drone x4  
  173  10:36  Drone  
  173  10:38  Extractor  
  175  10:53  Hatchery  
  174  10:58  Overlord x3  
  174  11:20  Pneumatized Carapace  
  174  11:21  Overseer  
  174  11:43  Zerg Ground Armor Level 1  
  176  12:01  Roach x3  
  176  12:02  Roach  
  182  12:17  Drone x2  
  184  12:26  Zerg Missile Weapons Level 2  
  184  12:30  Roach x2  
  184  12:31  Roach x3  
  194  12:37  Infestation Pit  
  144  13:23  Mutalisk x5  
  144  13:24  Mutalisk x8  
  166  13:40  Roach x8  
  179  14:05  Drone x2, Queen  
  179  14:21  Drone x2  
  179  14:22  Spore Crawler x2  
  179  14:23  Roach  
  179  14:24  Roach x6  
  193  14:31  Roach  
  193  14:32  Roach x2  
  197  14:52  Spore Crawler  
Show
View Real Time Build Order
Export as new Build Order

EBORYAN Protoss 

Build Orders: Carriers 

Get SALT Encoding   

  12  0:01  Probe  
  13  0:13  Probe  
  14  0:17  Pylon  
  14  0:25  Probe  
  15  0:37  Probe  
  15  0:38  Gateway  
  16  0:44  Assimilator  
  16  0:49  Probe  
  17  1:02  Probe  
  17  1:03  Gateway  
  18  1:14  Probe  
  19  1:26  Cybernetics Core  
  19  1:30  Assimilator  
  19  1:35  Pylon  
  19  1:39  Gateway  
  19  1:42  Probe  
  20  1:56  Probe  
  21  2:02  Stalker  
  21  2:03  Stalker  
  25  2:10  Pylon  
  25  2:14  Probe  
  26  2:20  Warp Gate  
  26  2:26  Stalker (Chrono Boost)  
  28  2:33  Adept (Chrono Boost)  
  28  2:36  Adept (Chrono Boost)  
  32  2:54  Robotics Facility  
  32  3:10  Probe  
  33  3:20  Nexus  
  33  3:25  Probe  
  34  3:30  Pylon  
  34  3:37  Probe  
  35  3:49  Probe  
  35  3:52  Warp Prism (Chrono Boost)  
  38  4:01  Probe  
  39  4:16  Adept x3  
  35  4:29  Gateway  
  35  4:37  Adept x2  
  39  4:53  Adept  
  39  4:54  Probe x2  
  43  5:00  Adept  
  43  5:02  Adept  
  43  5:06  Probe  
  48  5:08  Probe  
  49  5:15  Twilight Council  
  49  5:18  Probe  
  46  5:44  Adept x2  
  46  5:45  Adept  
  46  5:46  Probe x2  
  54  5:52  Templar Archives, Resonating Glaives (Chrono Boost)  
  54  5:57  Assimilator  
  54  5:58  Probe x2 (Chrono Boost)  
  54  6:00  Assimilator  
  56  6:04  Adept  
  56  6:06  Adept  
  56  6:09  Probe x2 (Chrono Boost)  
  62  6:12  Pylon  
  62  6:36  Adept x2  
  62  6:37  Psionic Storm  
  66  6:42  Probe x2  
  68  6:50  High Templar  
  70  6:55  Pylon  
  70  6:57  Pylon  
  70  7:06  Nexus  
  70  7:19  Probe  
  70  7:20  Probe  
  70  7:21  High Templar x2  
  70  7:22  High Templar  
  78  7:23  Adept  
  78  7:28  Assimilator  
  80  7:31  Probe, Pylon  
  80  7:32  Probe  
  80  7:34  Pylon  
  80  7:36  Forge  
  82  7:59  Adept x4  
  90  8:12  Pylon  
  90  8:13  Gateway  
  90  8:14  Pylon  
  90  8:15  Gateway  
  90  8:16  Gateway  
  90  8:18  Gateway  
  90  8:20  Gateway  
  90  8:28  High Templar x2  
  90  8:32  Adept x2  
  98  8:40  Probe x2  
  100  8:42  Probe  
  101  8:52  Probe x2  
  101  8:54  Probe  
  104  8:56  High Templar x2  
  104  8:58  Assimilator  
  104  9:00  Archon  
  104  9:01  Adept x2  
  112  9:04  Probe x2  
  114  9:11  Probe  
  114  9:13  Photon Cannon  
  114  9:16  Probe x2  
  117  9:18  Shield Battery  
  117  9:23  Probe  
  118  9:24  Shield Battery  
  118  9:28  Probe  
  118  9:30  High Templar x2  
  123  9:38  Stargate  
  123  9:42  Probe x2  
  125  10:02  High Templar x2  
  125  10:04  Adept x2  
  125  10:06  Nexus  
  125  10:07  Archon  
  133  10:09  Protoss Ground Weapons Level 1 (Chrono Boost), Pylon  
  133  10:10  Pylon  
  133  10:12  Pylon  
  133  10:13  Pylon  
  133  10:16  Pylon  
  133  10:18  Dark Shrine, Pylon  
  133  10:27  Probe x2  
  135  10:30  Fleet Beacon  
  131  10:58  Adept x3  
  131  10:59  Adept x4  
  131  11:00  Adept x2  
  149  11:15  Observer (Chrono Boost)  
  146  11:32  Stargate  
  146  11:34  Stargate  
  146  11:37  Warp Prism  
  148  11:43  Probe x4  
  152  11:47  Assimilator  
  152  11:48  Photon Cannon  
  152  11:50  Assimilator  
  152  11:51  Photon Cannon  
  152  11:54  Shield Battery  
  152  11:55  Probe x2  
  152  11:57  Pylon  
  154  12:08  Pylon  
  154  12:12  Probe x2  
  156  12:20  Photon Cannon  
  156  12:22  Photon Cannon  
  156  12:35  Carrier (Chrono Boost)  
  156  12:36  Carrier x2 (Chrono Boost)  
  174  12:45  Probe x2, Stargate  
  174  12:46  Probe, Stargate  
  177  12:56  Protoss Air Weapons Level 1 (Chrono Boost)  
  130  13:26  Carrier x2 (Chrono Boost)  
  120  13:27  Carrier (Chrono Boost)  
  150  13:37  Carrier x2 (Chrono Boost)  
  150  13:38  Adept x5  
  150  13:39  Adept x4  
  166  14:08  Nexus  
  166  14:10  Assimilator  
  166  14:15  Assimilator  
  166  14:16  Pylon  
  166  14:17  Carrier  
  166  14:18  Carrier x2  
  166  14:20  Pylon  
  166  14:23  Pylon  
  184  14:29  Adept  
  184  14:30  Adept x6  
  184  14:31  Adept  
Show
View Real Time Build Order
Export as new Build Order

Massa Terran 

Build Orders: Mech 

Get SALT Encoding   

  13  0:07  SCV  
  13  0:19  SCV  
  14  0:21  Supply Depot  
  14  0:31  SCV  
  15  0:44  SCV, Barracks  
  16  1:01  SCV  
  17  1:13  SCV  
  18  1:26  SCV  
  19  1:37  Marine  
  19  1:38  SCV  
  19  1:39  Supply Depot  
  21  1:50  SCV, Command Center  
  21  1:52  Refinery  
  22  1:55  Marine  
  22  1:57  Refinery  
  23  2:02  SCV  
  24  2:13  Barracks  
  24  2:15  Marine  
  25  2:28  SCV  
  26  2:40  SCV  
  26  2:42  Marine  
  28  2:52  SCV  
  29  3:02  Orbital Command  
  29  3:04  SCV  
  30  3:10  Factory  
  29  3:15  Marine  
  29  3:16  SCV, Marine  
  32  3:28  SCV  
  32  3:33  Marine x2  
  35  3:41  Orbital Command  
  35  3:47  Barracks  
  35  3:52  Marine  
  35  3:53  Marine  
  37  3:58  Engineering Bay  
  37  4:01  Factory Tech Lab  
  37  4:08  Bunker  
  37  4:10  Marine x2  
  39  4:37  Supply Depot  
  39  4:51  Barracks Tech Lab  
  39  4:58  Marine x2  
  39  4:59  SCV x2, Siege Tank  
  46  5:00  Supply Depot  
  46  5:08  Terran Infantry Weapons Level 1  
  46  5:22  SCV x2, Marine x2  
  46  5:23  Supply Depot  
  50  5:31  Siege Tank  
  50  5:34  SCV  
  54  5:44  SCV  
  55  5:53  Factory  
  54  6:00  Factory  
  54  6:03  Siege Tank  
  57  6:27  SCV x2  
  57  6:31  Command Center  
  59  6:39  SCV x2  
  61  6:42  Factory Reactor  
  61  6:45  Factory Reactor  
  61  6:47  Stimpack  
  61  6:51  SCV  
  62  6:55  Barracks Reactor  
  62  7:04  Terran Infantry Armor Level 1  
  62  7:09  Supply Depot  
  62  7:11  Supply Depot  
  62  7:17  SCV x2, Marauder, Marine  
  62  7:22  Siege Tank  
  70  7:30  Refinery  
  70  7:31  Widow Mine, SCV x2, Refinery  
  70  7:32  Supply Depot  
  70  7:34  Marine  
  75  7:39  Marauder  
  75  7:43  SCV  
  78  7:44  SCV  
  79  7:52  Marine  
  79  7:55  Supply Depot  
  79  7:56  SCV  
  81  8:00  Marauder  
  83  8:08  SCV  
  83  8:10  Widow Mine x2, Marine  
  93  8:12  Widow Mine  
  93  8:13  Widow Mine  
  93  8:18  Supply Depot  
  93  8:20  SCV  
  93  8:21  Marauder  
  96  8:27  Combat Shield  
  96  8:28  Marine  
  96  8:31  Widow Mine x2  
  105  8:34  Widow Mine x2  
  105  8:40  Planetary Fortress  
  105  8:42  Supply Depot  
  105  8:43  Marauder  
  105  8:44  Refinery  
  105  8:45  Refinery  
  104  8:53  Widow Mine  
  106  8:55  Widow Mine x2  
  102  9:05  Supply Depot  
  97  9:29  Hi-Sec Auto Tracking  
  90  9:43  Missile Turret  
  90  9:44  Missile Turret  
  90  9:45  Missile Turret x2  
  90  9:46  Concussive Shells  
  90  9:48  Missile Turret x2  
  90  9:51  Missile Turret  
  90  9:52  Missile Turret  
  86  9:59  Missile Turret  
  85  10:01  Missile Turret x2  
  85  10:02  Missile Turret  
  84  10:15  SCV x3  
  84  10:27  SCV x2  
  84  10:28  SCV  
  87  10:39  SCV  
  87  10:40  SCV x2  
  90  10:51  SCV  
  90  10:52  SCV x2  
  93  11:03  SCV  
  93  11:04  SCV x2  
  96  11:15  SCV  
  96  11:16  SCV x2  
  99  11:27  SCV  
  99  11:28  SCV x2  
  99  11:30  Armory  
  102  11:33  Engineering Bay  
  103  11:40  SCV  
  103  11:57  SCV x3  
  106  12:09  SCV x3  
  109  12:21  SCV  
  110  12:30  Thor  
  110  12:34  Marauder, Marine x2  
  120  12:46  Barracks Reactor  
  120  12:52  Marine x2  
  120  12:55  Marauder  
  120  13:09  Marine  
  120  13:10  Marine  
  94  13:16  Marine  
  74  13:27  Marine  
  74  13:28  Marine  
  76  13:34  Marine  
  76  13:37  Marine x2  
  75  13:43  Hellion x5  
  75  13:45  Marine x2  
  87  13:52  Marine  
  87  13:55  Marine x2  
  90  14:03  Marine x2  
  90  14:04  Hellion x5  
  102  14:10  Marauder  
  102  14:12  Marine  
  102  14:13  Marine  
  106  14:21  Marine x2  
  102  14:25  Hellion x2, Thor  
  102  14:26  Hellion x2  
  102  14:30  Marine  
  102  14:31  Marine  
  110  14:32  Marauder  
  112  14:38  Marine  
  112  14:39  Marine  
  112  14:44  Barracks  
  114  14:46  Barracks  
  114  14:48  Marine x2  
  110  14:53  Marauder  
  110  14:56  Marine  
  110  14:57  Marine  
  114  15:06  Marine x2  
Show
View Real Time Build Order
Export as new Build Order

qqq Zerg 

Build Orders: Hatch First 

Get SALT Encoding   

  12  0:08  Drone  
  12  0:09  Drone  
  14  0:36  Hatchery  
  13  0:52  Spawning Pool  
  12  0:59  Overlord  
  12  1:04  Drone  
  12  1:10  Drone  
  14  1:13  Extractor  
  14  1:15  Drone  
  14  1:24  Drone  
  15  1:40  Drone  
  15  1:44  Drone  
  17  1:53  Drone  
  18  1:54  Queen  
  18  1:59  Queen  
  22  2:03  Drone  
  23  2:10  Overlord  
  23  2:14  Drone  
  24  2:17  Drone  
  26  2:22  Zergling x2  
  26  2:25  Drone  
  26  2:29  Zergling x2  
  28  2:38  Drone  
  28  2:39  Zergling x2  
  28  2:42  Metabolic Boost  
  30  2:50  Roach Warren  
  29  2:52  Zergling x2  
  29  2:55  Drone  
  31  3:00  Zergling x2  
  31  3:01  Drone  
  33  3:10  Zergling x6  
  36  3:14  Overlord  
  36  3:20  Overlord  
  36  3:33  Zergling x6  
  39  3:34  Zergling x2  
  39  3:40  Zergling x6  
  43  3:41  Drone  
  43  3:42  Drone  
  45  3:54  Zergling x2  
  45  3:55  Zergling x2  
  46  3:56  Roach x2  
  48  4:11  Overlord  
  48  4:12  Overlord x2  
  45  4:26  Overlord x2  
  38  4:52  Roach  
  38  4:53  Roach x2  
  38  4:56  Roach x2  
  38  4:57  Roach x3  
  50  5:00  Lair  
  46  5:29  Spore Crawler  
  46  5:32  Drone, Spore Crawler  
  46  5:33  Drone x2  
  46  5:34  Spore Crawler  
  42  5:41  Drone  
  42  5:46  Drone x3  
  45  6:02  Drone  
  46  6:07  Spore Crawler  
  46  6:11  Hatchery  
  44  6:16  Drone x5  
  44  6:18  Zergling x2  
  50  6:22  Hatchery, Ravager x4  
  53  6:30  Drone x3  
  50  7:01  Roach x2  
  50  7:03  Drone  
  50  7:04  Drone x2  
  55  7:13  Extractor  
  54  7:15  Zergling x2  
  54  7:16  Zergling x2  
  54  7:17  Drone  
  54  7:20  Extractor  
  54  7:21  Extractor  
  55  7:38  Zergling x2  
  55  7:39  Zergling x2  
  55  7:40  Drone x4  
  61  7:49  Hatchery  
  58  7:55  Drone  
  58  7:56  Drone  
  59  7:58  Hatchery  
  58  8:08  Drone  
  58  8:09  Drone x3  
  62  8:37  Drone x3  
  62  8:38  Roach x2  
  69  8:47  Spire  
  68  8:49  Hydralisk Den  
  68  8:55  Spore Crawler x2  
  65  8:56  Spore Crawler  
  65  8:59  Drone x2  
  65  9:01  Drone x3  
  65  9:02  Spore Crawler  
  68  9:03  Spore Crawler  
  68  9:04  Spore Crawler  
  68  9:07  Spore Crawler x2  
  64  9:13  Drone x2  
  64  9:14  Drone x3  
  69  9:23  Glial Reconstitution  
  69  9:24  Hydralisk  
  69  9:26  Muscular Augments  
  69  9:27  Hydralisk  
  69  9:28  Hydralisk  
  72  9:40  Roach  
  72  9:42  Drone x6  
  80  9:47  Drone  
  80  9:48  Drone  
  80  9:49  Spore Crawler  
  80  9:51  Spore Crawler  
  80  9:52  Drone x2, Spore Crawler  
  82  9:56  Hydralisk x3  
  87  10:04  Drone x4  
  87  10:07  Lurker Den  
  90  10:24  Drone x3  
  90  10:27  Mutalisk  
  95  10:29  Spore Crawler, Overlord x3  
  95  10:33  Spore Crawler  
  93  10:36  Spore Crawler  
  93  10:38  Grooved Spines  
  93  10:41  Tunneling Claws  
  90  11:10  Drone x4  
  90  11:11  Drone x2, Overlord  
  96  11:13  Roach x5  
  96  11:14  Hydralisk x2, Roach  
  96  11:15  Zergling x6  
  115  11:31  Mutalisk x2  
  119  11:32  Mutalisk  
  119  11:33  Mutalisk x3  
  125  11:44  Mutalisk  
  125  11:47  Overlord x3  
  127  12:13  Mutalisk x4  
  127  12:15  Drone x3  
  138  12:18  Drone x3  
  138  12:21  Queen  
  143  12:31  Overlord x3  
  143  12:37  Extractor  
  143  12:38  Extractor  
  143  12:41  Extractor x2, Drone x4  
  143  12:43  Hatchery  
  142  12:53  Mutalisk  
  142  12:54  Mutalisk x3  
  142  12:56  Queen, Zerg Flyer Weapons Level 1  
  152  12:59  Overlord  
  152  13:00  Drone x4  
  106  13:23  Mutalisk x4  
  106  13:25  Drone x4  
  106  13:26  Hydralisk  
  94  13:38  Hydralisk x2  
  94  13:39  Hydralisk  
  94  13:40  Drone x2  
  102  13:54  Drone  
  102  13:55  Drone x3  
  106  13:58  Hydralisk x3  
  106  14:20  Hydralisk x6  
  118  14:26  Lurker  
  118  14:27  Lurker  
  120  14:41  Hydralisk  
  120  14:42  Hydralisk  
  120  14:43  Zergling x4  
  126  14:46  Drone x2  
  126  14:47  Drone x7  
  126  14:48  Infestation Pit  
  134  14:54  Hydralisk x2  
Tags
 
Add a new tag
Caveats
  • Supply blocks, unpowered buildings, or Contaminate may cause inaccurate times.
  • Supply counts are checked every 10 seconds.